 Dungeon Crawl Stone Soup version 0.19.5 (webtiles) character file.

1778 Shoikan the Basher (level 8, -1/71 HPs)
             Began as a Minotaur Berserker on Mar 10, 2017.
             Was a Priest of Trog.
             Killed from afar by an orc wizard (9 damage)
             ... with a puff of flame
             ... on level 5 of the Dungeon on Mar 13, 2017.
             The game lasted 00:45:20 (6312 turns).

Shoikan the Basher (Minotaur Berserker)             Turns: 6312, Time: 00:45:21

Health: -1/71      AC:  9    Str: 23    XL:     8   Next: 81%
Magic:  7/7        EV: 11    Int:  4    God:    Trog [***...]
Gold:   385        SH:  4    Dex: 11    Spells: 0 memorised, 7 levels left

rFire  . . .     SeeInvis .     z - +3 flail (holy)
rCold  . . .     Gourm    .     r - +0 scale mail
rNeg   . . .     Faith    .     t - +0 buckler
rPois  .         Spirit   .     (helmet restricted)
rElec  .         Reflect  .     g - +0 cloak
rCorr  .         Harm     .     (no gloves)
MR     .....                    (no boots)
Stlth  ..........               (no amulet)
                                (no ring)
                                y - ring of flight

@: exhausted, slowed, very slow
A: retaliatory headbutt, horns 2
a: Berserk, Trog's Hand, Burn Spellbooks, Renounce Religion, Evoke Flight


You were on level 5 of the Dungeon.
You worshipped Trog.
Trog was most pleased with you.
You were near starving.

You visited 1 branch of the dungeon, and saw 6 of its levels.

You collected 385 gold pieces.

Inventory:

Hand Weapons
 a - a +0 mace
 v - a +1 whip of holy wrath
 z - a +3 flail of holy wrath (weapon)
Armour
 g - a +0 cloak (worn)
 r - a +0 scale mail (worn)
 t - a +0 buckler (worn)
Jewellery
 y - a ring of flight (left hand)
Wands
 x - a wand of flame (10/48)
Scrolls
 e - a scroll of blinking {unknown}
 m - a scroll of random uselessness {unknown}
 n - 2 scrolls of teleportation
 o - a scroll of magic mapping {unknown}
 s - a scroll of enchant armour {unknown}
 u - a scroll of amnesia {unknown}
Potions
 b - a potion of heal wounds {unknown}
 i - a potion of cure mutation {unknown}
 j - 3 potions of berserk rage
 k - 2 potions of curing
 l - 2 potions of flight {unknown}
 p - a potion of haste
 q - 4 potions of mutation
Comestibles
 c - 6 bread rations
 d - 4 meat rations
 w - 5 fruits
 A - a beef jerky


   Skills:
 * Level 6.8 Fighting
 * Level 9.7 Maces & Flails
 * Level 7.2 Armour
 * Level 4.5 Dodging
 - Level 0.1 Stealth
 + Level 1.6 Shields


You had 7 spell levels left.
You didn't know any spells.

Dungeon Overview and Level Annotations

Branches:
Dungeon (6/15)
 Temple: D:4-7

Altars:
Dithmenos
Hepliaklqana
Ru
Xom

Shops:
D:4 =


Innate Abilities, Weirdness & Mutations

You reflexively headbutt those who attack you in melee.
You have a pair of horns on your head.


Message History

You kill the orc!
Trog accepts your kill. Something hits you but does no damage.
Something hits you but does no damage.
Things that are here:
a leather armour; a dagger; a robe Something barely misses you.
Something hits you but does no damage. Something hits you but does no damage.
There is a stone staircase leading up here.
Something hits you but does no damage. x2
You climb upwards.
There is a stone staircase leading down here.
Unknown command.
Something hits you but does no damage.
You start resting.
Something hits you but does no damage. x2
You start resting.
Something hits you but does no damage.
You hear some strange, mumbled words.
A puff of flame appears from out of thin air!
The puff of flame hits you!
You die...

#.#.#.≈##≈.≈##≈.#.
#.##.#≈≈≈≈.≈≈≈≈#.#
#.#.#.#.#.....#<#.
#.##.....#.#.#.#..
#.#.#...#.#.#.#.#.
#.##.....#.#.#.#..
#.#.#.#.#.#.#.#.#.
#..#.#.#.#.#.#(#.#
#@#.#.#.#.#.#.#.#.
#.##.#.#.#.#.#.#.#
#>..#.#.#.#.#.#.#.
####.#.#.#.#.#.#.#
#.#.#.#.#.#.#.#.
##.#.#.#.#.#.#.<
#.#.#.#.#...#.#.
##.#.#.#.....#.#
###.#.#.#.#...#.#.


There were no monsters in sight!

Vanquished Creatures
  Prince Ribbit (D:6)
  Edmund (D:5)
  The ghost of equalderp2856 the Scratcher, an amateur FeFi (D:6)
  2 sky beasts (D:5)
  An ogre (D:4)
  A necrophage (D:5)
  A centaur (D:6)
  A bullfrog (D:5)
  A gnoll sergeant (D:5)
  A scorpion (D:5)
  A crimson imp (D:4)
  2 hounds (D:4)
  4 orc priests
  2 bullfrog skeletons
  An iguana (D:4)
  5 orc wizards
  5 worker ants
  2 hound skeletons (D:4)
  4 gnolls (D:5)
  5 adders
  A shadow imp (D:3)
  2 oozes
  2 adder skeletons
  A leopard gecko (D:1)
  14 orcs
  2 giant cockroaches (D:3)
  5 goblins
  8 hobgoblins
  2 ball pythons (D:3)
  7 bats
  7 frilled lizards
  14 kobolds
  11 rats
  2 fungi (D:1)
120 creatures vanquished.

Notes
Turn   | Place    | Note
-------+----------+-------------------------------------------
     0 | D:1      | Shoikan the Minotaur Berserker began the quest for the Orb.
     0 | D:1      | Reached XP level 1. HP: 19/19 MP: 0/0
   281 | D:1      | Reached skill level 4 in Maces & Flails
   281 | D:1      | Reached XP level 2. HP: 27/27 MP: 1/1
  1265 | D:2      | Reached XP level 3. HP: 28/33 MP: 2/2
  1553 | D:2      | Reached ** piety under Trog
  1811 | D:3      | Reached XP level 4. HP: 22/40 MP: 3/3
  2064 | D:3      | Reached skill level 5 in Maces & Flails
  2530 | D:4      | Reached XP level 5. HP: 47/47 MP: 4/4
  2723 | D:4      | Found a sacrificial altar of Ru.
  2949 | D:4      | Found a hazy altar of Hepliaklqana.
  3434 | D:4      | Reached XP level 6. HP: 52/55 MP: 5/5
  3844 | D:4      | Reached skill level 5 in Fighting
  3844 | D:4      | Reached skill level 6 in Maces & Flails
  4032 | D:4      | Reached *** piety under Trog
  4066 | D:4      | Reached skill level 5 in Armour
  4498 | D:4      | Reached XP level 7. HP: 61/61 MP: 6/6
  4553 | D:4      | Found Sitzot's Jewellery Shoppe.
  4918 | D:5      | Entered Level 5 of the Dungeon
  4942 | D:5      | Reached skill level 7 in Maces & Flails
  5189 | D:4      | Found a shimmering altar of Xom.
  5189 | D:4      | Found a shadowy altar of Dithmenos.
  5540 | D:5      | Noticed Edmund
  5557 | D:5      | Killed Edmund
  5782 | D:5      | Reached skill level 8 in Maces & Flails
  5811 | D:5      | Reached XP level 8. HP: 67/69 MP: 7/7
  5923 | D:5      | Reached skill level 1 in Shields
  6084 | D:5      | Reached skill level 9 in Maces & Flails
  6240 | D:6      | Noticed equalderp2856's ghost (amateur FeFi)
  6262 | D:6      | Noticed Prince Ribbit
  6278 | D:6      | Killed equalderp2856's ghost
  6282 | D:6      | Killed Prince Ribbit
  6286 | D:6      | HP: 2/70 [centaur/arrow (9)]
  6312 | D:5      | Killed from afar by an orc wizard

Skill      XL: |  1  2  3  4  5  6  7  8 |
---------------+-------------------------+-----
Maces & Flails | 4 5 6 8 9 |  9.7
Fighting       | 4 5 6 |  6.8
Armour         | 3 4 5 6 7 |  7.2
Dodging        | 3 4 |  4.5
Shields        | 1 |  1.6
Stealth        | |  0.1

Action                   |  1- 3 |  4- 6 |  7- 9 || total
-------------------------+-------+-------+-------++-------
Melee: Mace              |    93 |    33 |       ||   126
       Headbutt          |    16 |    21 |    22 ||    59
       Flail             |       |    63 |   116 ||   179
Invok: Berserk           |       |     2 |     2 ||     4
  Use: Scroll            |       |     3 |     4 ||     7
       Potion            |       |       |     3 ||     3
  Eat: Chunk             |     3 |     5 |     7 ||    15
       Bread ration      |       |     1 |       ||     1
Armor: Animal skin       |     4 |       |       ||     4
       Ring mail         |    29 |    41 |    28 ||    98
       Scale mail        |       |       |    40 ||    40
Dodge: Dodged            |    69 |    63 |    72 ||   204
Block: Buckler           |       |     4 |    15 ||    19
